 Dungeon Crawl Stone Soup version 0.30.0-29-ga12c61a403 (webtiles) character file.

Game seed: 15335892573681941444

158 cdecastro the Grasshopper (level 5, -4/43 HPs)
             Began as an Armataur Warper on June 12, 2023.
             Succumbed to a scorpion's poison
             ... on level 4 of the Dungeon on June 13, 2023.
             The game lasted 00:07:46 (2987 turns).

cdecastro the Grasshopper (Armataur Warper)         Turns: 2987, Time: 00:07:46

Health: -4/43      AC:  6    Str: 20    XL:     5   Next: 16%
Magic:  16/16      EV:  9    Int: 14    God:
Gold:   155        SH:  0    Dex:  7    Spells: 2/7 levels left

rFire   . . .        a - +0 mace
rCold   . . .        (no shield)
rNeg    . . .        k - +2 leather armour "Irchep" {MP+9 Str+2 Slay+2}
rPois   .            (no helmet)
rElec   .            (no cloak)
rCorr   .            (no gloves)
SInv    .            (no barding)
Will    .....        (no amulet)
Stlth   +            (no ring)
HPRegen 0.27/turn    (no ring)
MPRegen 0.15/turn

%: clarity, roll
@: lethally poisoned (-4 -> -31)
A: large, rugged brown scales 3, deformed body, armoured tail, roll, long
tongue, awkward tongue, stinger 1, clarity, clumsy 1
a: no special abilities


You were on level 4 of the Dungeon.
You visited 1 branch of the dungeon, and saw 4 of its levels.

You collected 155 gold pieces.

Inventory:

Hand Weapons
 a - a +0 mace (weapon)
 p - a +1 heavy flail
Missiles
 b - 5 atropa-tipped darts
 d - 7 boomerangs of dispersal (quivered)
Armour
 k - the +2 leather armour "Irchep" (worn) {MP+9 Str+2 Slay+2}
   (You found it on level 2 of the Dungeon)

   Str:       It affects your strength (+2).
   Slay:      It affects your accuracy & damage with ranged weapons and melee
   (+2).
   MP:        It affects your magic capacity (+9).
Wands
 i - a wand of polymorph (12)
Scrolls
 c - a scroll of vulnerability {unknown}
 e - a scroll of teleportation {unknown}
 g - 4 scrolls of identify {unknown}
 l - a scroll of torment {unknown}
 m - a scroll of immolation {unknown}
 n - a scroll of enchant armour {unknown}
 o - a scroll of brand weapon {unknown}
Potions
 f - a potion of mutation
 h - 2 potions of haste {unknown}
 j - a potion of degeneration {unknown}


   Skills:
 - Level 1.7 Fighting
 + Level 3.1 Maces & Flails
 + Level 2.7 Throwing
 - Level 1.2 Armour
 - Level 1.3 Dodging
 - Level 1.7 Spellcasting
 + Level 4.1 Translocations


You had 2 spell levels left.
You knew the following spells:

 Your Spells              Type           Power      Damage    Failure   Level
a - Blink                 Tloc           24%        N/A       8%          2
b - Teleport Other        Tloc           12%        N/A       16%         3

Your spell library contained the following spells:

 Spells                   Type           Power      Damage    Failure   Level
 Lesser Beckoning         Tloc           24%        N/A       8%          2
 Portal Projectile        Hex/Tloc       14%        N/A       36%         3
 Vhi's Electric Charge    Tloc/Air       14%        N/A       36%         3
 Manifold Assault         Tloc           12%        N/A       45%         4
 Call Canine Familiar     Summ           1%         N/A       65%         3
 Leda's Liquefaction      Hex/Erth       0%         N/A       96%         4


Dungeon Overview and Level Annotations

Branches:
Dungeon (4/15)             Temple (0/1) D:4

Altars:

Annotations:
D:3 3 runed translucent doors, hawla's ghost, amateur DEFE


Innate Abilities, Weirdness & Mutations

You are completely covered in rugged brown scales. (AC +3, +7% HP)
Armour fits poorly on your strangely shaped body.
You have a long armoured tail.
You roll when moving toward enemies. (Rampage)
Your long tongue fully drains potion bottles. (2x potion effects)
Your tongue gives you trouble enunciating. (1.5x scroll delay)
Your tail ends in a venomous barb.
You possess an exceptional clarity of mind.
You are clumsy. (Dex -2)


Message History

The scorpion completely misses you. The orc closely misses you.
The scorpion attacks as you move away! The scorpion stings you.
The scorpion attacks as you move away!
The scorpion stings you but does no damage.
The scorpion stings you.
You are poisoned.
The scorpion poisons you!
You closely miss the scorpion.
You feel very sick. The scorpion stings you.
You are more poisoned.
The scorpion poisons you!
You closely miss the scorpion.
You feel very sick. The scorpion stings you.
* * * LOW HITPOINT WARNING * * *
You are lethally poisoned!
The scorpion poisons you! The scorpion barely misses you.
You hit the scorpion.
The scorpion is lightly wounded.
* * * LOW HITPOINT WARNING * * *
You feel extremely sick.
The orc hits you from afar with a +0 trident.
* * * LOW HITPOINT WARNING * * *
The scorpion stings you but does no damage.
The orc closely misses you.
You hit the scorpion but do no damage. You tail-slap the scorpion!
The scorpion is severely wounded.
* * * LOW HITPOINT WARNING * * *
You feel very sick. The scorpion closely misses you.
The orc closely misses you. The scorpion stings you.
* * * LOW HITPOINT WARNING * * *
You are more poisoned.
The scorpion poisons you!
It was a potion of mutation.
You feel extremely strange.
You feel clumsy.
Your thoughts seem clearer.
A venomous barb forms on the end of your tail.
You slurp down every last drop of the potion of mutation!
You die...

#.# ##.# .....
#.#.### #o.# ......
#.....# #..#
....... ####+#.###
#..# ..#.....
#........# #..# ...
.# #.....##.##
#..##...# #.....
#..# #.....#
###...###.###oo.###
#...+...@soo#......
#...###.###...##..>
.... #.# .....#...
#....##..##.. ###.>
...# .<. .#.# ....
#... ..... .#


You could see a scorpion, an orc wizard and 3 orcs.

Vanquished Creatures
  An orc priest (D:4)
  An orc wizard (D:3)
  A gnoll (D:1)
  3 adders (D:2)
  A worm (D:4)
  5 dart slugs
  3 orcs (D:3)
  5 ball pythons
  An endoplasm (D:2)
  2 giant cockroaches
  6 goblins
  4 hobgoblins
  2 jackals (D:3)
  2 quokkas (D:2)
  5 bats
  A frilled lizard (D:3)
  7 kobolds
  5 rats
55 creatures vanquished.

Notes
Turn   | Place    | Note
-------+----------+-------------------------------------------
     0 | D:1      | cdecastro the Armataur Warper began the quest for the Orb.
     0 | D:1      | Reached XP level 1. HP: 18/18 MP: 3/3
    82 | D:1      | Reached skill level 1 in Throwing
   120 | D:1      | Found a faded altar of an unknown god.
   188 | D:1      | Reached XP level 2. HP: 15/25 MP: 4/4
   363 | D:1      | Reached XP level 3. HP: 31/31 MP: 5/5
   771 | D:2      | Learned a level 2 spell: Blink
   775 | D:2      | Learned a level 3 spell: Teleport Other
  1012 | D:2      | Reached XP level 4. HP: 38/38 MP: 6/6
  1172 | D:2      | Identified the +2 leather armour "Irchep" {MP+9 Str+2
                  | Slay+2}
  1900 | D:3      | Reached skill level 4 in Translocations
  1928 | D:3      | Noticed a kobold brigand
  1928 | D:3      | Found a runed translucent gate.
  1929 | D:3      | Found a runed translucent gate.
  1931 | D:3      | Found a runed translucent gate.
  1932 | D:3      | Noticed hawla's ghost (amateur DEFE)
  2746 | D:4      | Noticed a scorpion
  2750 | D:4      | Reached XP level 5. HP: 38/43 MP: 7/7
  2753 | D:4      | HP: 1/43 [something (10)]
  2914 | D:4      | Found a staircase to the Ecumenical Temple.
  2934 | D:4      | Noticed Edmund
  2941 | D:4      | Edmund changed into Edmund the worm
  2941 | D:4      | Noticed Edmund
  2946 | D:4      | Killed Edmund the worm
  2986 | D:4      | HP: 2/43 [scorpion (1)]
  2987 | D:4      | Gained mutation: You are clumsy. (Dex -2) [potion of
                  | mutation]
  2987 | D:4      | Gained mutation: You possess an exceptional clarity of
                  | mind. [potion of mutation]
  2987 | D:4      | Gained mutation: Your tail ends in a venomous barb. [potion
                  | of mutation]
  2987 | D:4      | Succumbed to a scorpion's poison

Illustrated notes

Levels and vault maps discovered:
D:1:      onia_arrival_pyramid, layout_basic, serial_glass, glass_columns_c,
          glass_columns_a, glass_columns_b, glass_columns_b, glass_columns_a,
          glass_columns_a, glass_columns_a, glass_columns_b, glass_columns_a,
          glass_columns_a, ebering_ecumenical_altar_rust
D:2:      layout_basic, serial_forest, infiniplex_forest_lined_3,
          infiniplex_forest_lined_room_, infiniplex_forest_end_2,
          infiniplex_forest_clump_small
D:3:      layout_basic, gammafunk_ghost_nasty_kobolds, grunt_ministairs_6
D:4:      layout_basic, minmay_temple_entry_slanted,
          cheibrodos_sewer_entry_drain, uniq_edmund, uniq_ijyb, uniq_natasha

Skill      XL: |  1  2  3  4 |
---------------+-------------+-----
Throwing       | 1 2 |  2.7
Maces & Flails | 2 3 |  3.1
Translocations | 4 |  4.1
Fighting       | |  1.7
Armour         | |  1.2
Dodging        | |  1.3
Spellcasting   | |  1.7

Action                     |  1- 3 |  4- 6 || total
---------------------------+-------+-------++-------
  Melee: Mace              |    87 |    54 ||   141
         Tailslap          |    13 |     9 ||    22
         Punch             |     2 |       ||     2
  Evoke: Wand              |       |     3 ||     3
    Use: Scroll            |       |     1 ||     1
         Potion            |       |     1 ||     1
 Armour: Leather armour    |    28 |    24 ||    52
  Dodge: Dodged            |    31 |    32 ||    63
